 Dungeon Crawl Stone Soup version 0.24.0-10-g970556be89 (webtiles) character file.

Game seed: 11440508531344925853, levelgen mode: deterministic

7910 Iskender the Destroyer (level 11, 0/67 HPs)
             Began as an Octopode Chaos Knight on Nov 4, 2019.
             Was a Plaything of Xom.
             Slain by a large slime creature (36 damage)
             ... on level 10 of the Dungeon.
             The game lasted 01:09:00 (11122 turns).

Iskender the Destroyer (Octopode Chaos Knight)     Turns: 11122, Time: 01:09:01

Health: 0/67       AC:  7    Str: 16      XL:     11   Next: 22%
Magic:  14/14      EV: 18    Int: 17 (19) God:    Xom [*.....]
Gold:   582        SH:  0    Dex: 11 (12) Spells: 13/14 levels left

rFire    . . .     SeeInvis +   A - +12 glaive of Symmetry {drain, rPois}
rCold    . . .     Gourm    .   (shield currently unavailable)
rNeg     . . .     Faith    .   D - +2 hat {SInv}
rPois    +         Spirit   .   (no amulet)
rElec    +         Reflect  .   k - ring of resist corrosion
rCorr    +         Harm     .   l - +4 ring of strength
MR       .....                  p - ring of see invisible
Stlth    ++++......             r - +2 ring of protection
HPRegen  0.21/turn              n - +2 ring of evasion
MPRegen  0.14/turn              (no ring)
                                (no ring)
                                (no ring)

@: no status effects
A: almost no armour, stealthy swim, amphibious, 8 rings, constrict 8, antennae
1, tentacle spike 2, iridescent scales 1, camouflage 1, clever 1, deterioration
1, screaming 1, electricity resistance, gelatinous body 1
a: Renounce Religion


You were on level 10 of the Dungeon.
You worshipped Xom.
You were a special plaything of Xom.
You were not hungry.

You visited 2 branches of the dungeon, and saw 12 of its levels.
You also visited: Ice Cave.

You collected 582 gold pieces.

Inventory:

Hand Weapons
 a - a +3 whip of electrocution
 b - a +0 hand crossbow
 A - the +12 glaive of Symmetry (weapon) {drain, rPois}
   (You found it on level 8 of the Dungeon)

   A truly terrible weapon, it drains the life of those it strikes.
   It protects you from poison.
 M - a +1 short sword of speed
Missiles
 d - 14 bolts
 e - 4 javelins
 f - 11 atropa-tipped darts
 w - 3 curare-tipped darts
 x - a throwing net
 E - 2 boomerangs of dispersal
 I - 45 poisoned darts (quivered)
Armour
 D - a +2 hat of see invisible (worn)
 K - a +2 shield
Jewellery
 k - a ring of resist corrosion (left tentacle)
 l - a +4 ring of strength (right tentacle)
 n - a +2 ring of evasion (on tentacle)
 p - a ring of see invisible (on tentacle)
 r - a +2 ring of protection (on tentacle)
 F - an uncursed amulet of the acrobat
Wands
 u - a wand of disintegration (13)
 H - a wand of acid (10)
 N - a wand of flame (5)
 R - a wand of polymorph (11)
Scrolls
 c - 9 scrolls of remove curse
 g - 8 scrolls of teleportation
 h - 2 scrolls of immolation
 i - 7 scrolls of identify
 j - 4 scrolls of fear
 t - a scroll of enchant weapon
 y - 2 scrolls of blinking
 z - a scroll of magic mapping
 B - 3 scrolls of enchant armour
 C - 2 scrolls of amnesia
 G - a scroll of torment
 L - a scroll of fog
Potions
 m - a potion of mutation
 o - 4 potions of haste
 s - a potion of curing
 v - 3 potions of lignification
 J - 2 potions of heal wounds
 O - a potion of flight
Miscellaneous
 P - a phial of floods (inert)
Comestibles
 q - 19 rations


   Skills:
 - Level 3.0 Fighting
 - Level 6.1 Maces & Flails
 - Level 3.0 Polearms
 + Level 7.3 Dodging
 - Level 7.0 Stealth
 - Level 2.0 Spellcasting
 - Level 10.3 Conjurations
 - Level 8.0 Fire Magic


You had 13 spell levels left.
You knew the following spells:

 Your Spells              Type           Power        Failure   Level  Hunger
a - Flame Tongue          Conj/Fire      ####.        1%          1    #......

Your spell library contained the following spells:

 Spells                   Type           Power        Failure   Level  Hunger


Dungeon Overview and Level Annotations

Branches:
Dungeon (11/15)            Temple (1/1) D:4            Lair (0/6) D:8
    Orc (0/2) D:10          IceCv (visited)

Altars:
Ashenzari
Cheibriados
Dithmenos
Elyvilon
Fedhas
Gozag
Hepliaklqana
Kikubaaqudgha
Makhleb
Nemelex Xobeh
Okawaru
Qazlal
Ru
Sif Muna
Trog
Uskayaw
Vehumet
Wu Jian
Xom
Yredelemnul
Zin
The Shining One

Shops:
D:4 (   D:8 [


Innate Abilities, Weirdness & Mutations

You cannot wear most types of armour.
You are very stealthy in the water. (Stealth+)
You are amphibious.
You can wear up to eight rings at the same time.
You can use your tentacles to constrict eight enemies at once.
Your skin changes colour to match your surroundings (Stealth+).
Your rubbery body absorbs attacks. (AC +1, EV +1)
You have a pair of small antennae on your head.
One of your tentacles bears a nasty spike.
You are partially covered in iridescent scales. (AC +2)
Your mind is acute. (Int +2)
Your body sometimes deteriorates upon taking damage.
You occasionally shout uncontrollably at your foes.
You are resistant to electric shocks. (rElec)


Message History

Aim: a slime creature (lightly wounded)
The flame tongue hits the slime creature.
The slime creature is moderately wounded.
You slash the slime creature!
The slime creature is moderately wounded.
The slime creature hits you.
Two slime creatures merge to form a large slime creature.
You slash the large slime creature! You drain the large slime creature.
You pierce the large slime creature, but do no damage.
The large slime creature is moderately wounded.
The large slime creature hits you!!
There is a stone staircase leading up here.
The large slime creature hits you!
You climb upwards.
There is a stone staircase leading down here.
The large slime creature seems less drained.
You open the door. The large slime creature hits you!!!
Ouch! That really hurt!
You die...
Xom laughs nastily!

##..............
#.....####...###
#.>....[.....+..
#.....####...###
#.....# #...#
#####..###
#...### #......#
#......
##'####.#
#......
#..@J...#
#......
#......##
#...... #......#
#...... #......#
#...... #......#
#...... #......#
#..(... #......#
#..[).. #......#
#..[##. ########
#....##


You could see a large slime creature.

Vanquished Creatures
  A manticore (D:11)
  A troll (D:10)
  2 polar bears (IceCv)
  Grinder (D:4)
  A hippogriff (D:10)
  A slime creature (D:11)
  A spriggan (D:7)
  5 yaks
  2 hungry ghosts
  A black bear (D:11)
  5 orc warriors
  3 ice beasts
  4 necrophages (D:7)
  3 ogres
  A phantom (D:11)
  3 sky beasts
  5 wolves
  4 centaurs
  5 bullfrogs
  A gnoll sergeant (D:8)
  A water moccasin zombie (D:7)
  A wyvern skeleton (D:6)
  3 scorpions
  5 killer bees (D:9)
  3 wights (D:10)
  A howler monkey (D:4)
  4 crimson imps
  A bullfrog zombie (D:5)
  2 centaur skeletons
  3 orc priests
  A centaur zombie (D:7)
  10 hounds
  4 jellies
  Crazy Yiuf (D:5)
  A bullfrog skeleton (D:8)
  2 iguanas (D:5)
  7 worker ants
  8 orc wizards
  A hound zombie (D:7)
  A hound skeleton (D:6)
  3 worker ant zombies
  9 adders
  6 gnolls
  A shadow imp (D:11)
  An ufetubus (D:7)
  2 adder zombies
  An adder skeleton (D:7)
  3 worms
  2 dart slugs
  9 leopard geckos
  44 orcs
  2 ball pythons
  6 giant cockroaches
  2 goblins (D:1)
  2 hobgoblins
  16 jackals
  8 kobolds
  6 quokkas
  5 bats
  A frilled lizard (D:4)
  A quokka skeleton (D:4)
  7 rats
  3 bushes
  A plant (D:2)
251 creatures vanquished.

Vanquished Creatures (collateral kills)
  A yak (IceCv)
1 creature vanquished.

Vanquished Creatures (others)
  A wyvern (D:10)
  5 plants
6 creatures vanquished.

Grand Total: 258 creatures vanquished

Notes
Turn   | Place    | Note
-------+----------+-------------------------------------------
     0 | D:1      | Iskender the Octopode Chaos Knight began the quest for the
                  | Orb.
     0 | D:1      | Reached XP level 1. HP: 16/16 MP: 1/1
    48 | D:1      | Reached skill level 1 in Stealth
   195 | D:1      | Reached XP level 2. HP: 21/21 MP: 2/2
   337 | D:1      | XOM: harmless Pois miscast
   954 | D:2      | XOM: noise
  1176 | D:2      | Reached XP level 3. HP: 26/26 MP: 3/3
  1395 | D:2      | Reached XP level 4. HP: 31/31 MP: 4/4
  1723 | D:3      | Found a shimmering altar of Xom.
  1764 | D:3      | XOM: mild Pois miscast
  2106 | D:3      | Reached skill level 1 in Maces & Flails
  2204 | D:3      | XOM: harmless Erth miscast
  2301 | D:4      | Noticed Grinder
  2320 | D:4      | XOM: mild Summ miscast
  2321 | D:4      | Noticed a spatial vortex
  2329 | D:4      | Reached XP level 5. HP: 23/36 MP: 5/5
  2440 | D:4      | XOM: divination: detect items
  2492 | D:4      | Found a staircase to the Ecumenical Temple.
  2539 | Temple   | Entered the Ecumenical Temple
  2732 | D:4      | Reached XP level 6. HP: 42/42 MP: 6/6
  2735 | D:4      | Found Nashreif's Weapon Shoppe.
  2929 | D:4      | Found a shimmering blue altar of Sif Muna.
  2941 | D:4      | XOM: harmless Erth miscast
  2951 | D:4      | Identified Sif Muna's Catalogue of Conjuration
  2962 | D:4      | Learned a level 1 spell: Flame Tongue
  3134 | D:4      | XOM: medium Ice miscast
  3386 | D:4      | XOM: summons 3 friendly demons
  3437 | D:4      | XOM: scenery: create altars
  3438 | D:4      | Killed Grinder
  3438 | D:4      | Reached skill level 2 in Conjurations
  3438 | D:4      | Reached XP level 7. HP: 39/46 MP: 7/7
  3473 | D:4      | XOM: give mutation
  3473 | D:4      | Gained mutation: You expend magic power (3 MP) to
                  | strengthen your wands. [Xom's grace]
  3674 | D:4      | XOM is BORED!
  3684 | D:5      | Entered Level 5 of the Dungeon
  3712 | D:5      | XOM: 3-stop teleportation journey
  3720 | D:5      | XOM: give mutations
  3720 | D:5      | Gained mutation: Your flesh is cold resistant. (rC+) [Xom's
                  | grace]
  3720 | D:5      | Gained mutation: You passively map a small area around you.
                  | [Xom's grace]
  3720 | D:5      | Gained mutation: You are robust. (+10% HP) [Xom's grace]
  3743 | D:5      | Reached skill level 3 in Conjurations
  3767 | D:5      | XOM: scenery: create altars
  3928 | D:5      | XOM: god gift: embroidered hat {god gift}
  4008 | D:5      | XOM: give mutations
  4008 | D:5      | Gained mutation: You have a pair of small antennae on your
                  | head. [Xom's grace]
  4008 | D:5      | Gained mutation: Your muscles are strong. (Str +2) [Xom's
                  | grace]
  4008 | D:5      | Gained mutation: You are agile. (Dex +2) [Xom's grace]
  4077 | D:5      | Found a runed translucent door.
  4078 | D:5      | Noticed Crazy Yiuf
  4085 | D:5      | XOM: scenery: create altars
  4087 | D:5      | Killed Crazy Yiuf
  4087 | D:5      | Reached skill level 4 in Conjurations
  4087 | D:5      | Reached XP level 8. HP: 55/57 MP: 5/8
  4169 | D:5      | XOM is BORED!
  4169 | D:5      | XOM: give mutations
  4169 | D:5      | Gained mutation: You have a pair of antennae on your head.
                  | [Xom's mischief]
  4169 | D:5      | Lost mutation: You are robust. (+10% HP) [Xom's mischief]
  4169 | D:5      | Gained mutation: You occasionally shout uncontrollably at
                  | your foes. [Xom's mischief]
  4208 | D:5      | XOM: god gift: ration
  4394 | D:5      | XOM: scenery: create altars
  4600 | D:6      | XOM: harmless Summ miscast
  4619 | D:6      | XOM: harmless Fire miscast
  4626 | D:6      | Reached skill level 5 in Conjurations
  4626 | D:6      | Reached skill level 5 in Fire Magic
  4829 | D:6      | XOM: cloud trail
  5168 | D:6      | Reached skill level 6 in Conjurations
  5389 | D:6      | XOM: scenery: create altars
  5398 | D:6      | XOM: mild Air miscast
  5460 | D:6      | Found a blossoming altar of Fedhas.
  5678 | D:6      | Found a stormy altar of Qazlal.
  5678 | D:6      | Found a shadowy altar of Dithmenos.
  5733 | D:7      | Reached skill level 7 in Conjurations
  5751 | D:7      | XOM: give mutations
  5751 | D:7      | Lost mutation: Your muscles are strong. (Str +2) [Xom's
                  | mischief]
  5751 | D:7      | Lost mutation: You are agile. (Dex +2) [Xom's mischief]
  5808 | D:7      | XOM: torment (27/52 hp)
  5812 | D:7      | Reached XP level 9. HP: 29/56 MP: 6/9
  5892 | D:7      | Reached skill level 8 in Conjurations
  6045 | D:7      | XOM: draining
  6074 | D:7      | XOM: 10-stop teleportation journey
  6130 | D:7      | XOM: give mutation
  6130 | D:7      | Gained mutation: Scrolls take you a little longer to read.
                  | [Xom's mischief]
  6189 | D:7      | XOM: polymorph crimson imp -> ufetubus
  6281 | D:7      | Found a blossoming altar of Fedhas.
  6314 | D:7      | Reached skill level 9 in Conjurations
  6413 | D:7      | XOM: confusion
  6419 | D:7      | XOM: harmless Necr miscast
  6423 | D:7      | XOM: noise
  6427 | D:7      | XOM: repel stairs
  6445 | D:7      | XOM: silly message
  6447 | D:7      | Reached skill level 5 in Dodging
  6576 | D:8      | XOM: blink monster(s)
  6752 | D:8      | XOM: silly message
  6780 | D:8      | Found a hazy altar of Hepliaklqana.
  6787 | D:8      | Found a shattered altar of Ashenzari.
  6801 | D:8      | Got a transparent glaive
  6810 | D:8      | Identified the +12 glaive of Symmetry {drain, rPois} (You
                  | found it on level 8 of the Dungeon)
  6835 | D:8      | XOM: silly message
  6848 | D:8      | XOM: summons friendly shadow imp
  6856 | D:8      | XOM: scenery: create altars
  7044 | D:8      | Reached XP level 10. HP: 46/63 MP: 0/10
  7065 | D:8      | Reached skill level 10 in Conjurations
  7140 | D:8      | Found Waul's Armour Shop.
  7244 | D:8      | Found a staircase to the Lair.
  7326 | D:7      | XOM: give mutations
  7326 | D:7      | Lost mutation: Your flesh is cold resistant. (rC+) [Xom's
                  | mischief]
  7326 | D:7      | Lost mutation: Scrolls take you a little longer to read.
                  | [Xom's mischief]
  7698 | D:8      | XOM: polymorph electric eel -> jelly
  7718 | D:8      | XOM: cast spell 'Summon Butterflies'
  7720 | D:8      | XOM: silly message
  7733 | D:8      | XOM: potion effect (brilliance)
  8269 | D:9      | XOM: confuse monster(s)
  8281 | D:9      | Reached skill level 5 in Stealth
  8319 | D:9      | XOM: divination: detect items
  8408 | D:9      | XOM: divination: detect creatures
  8511 | D:9      | XOM: mild Fire miscast
  8924 | D:10     | Entered Level 10 of the Dungeon
  8972 | D:10     | XOM: confuse monster(s)
  8977 | D:10     | XOM: enchant monster (good)
  9040 | D:10     | XOM: mild Tloc miscast
  9086 | D:10     | XOM: harmless Summ miscast
  9267 | D:10     | XOM: harmless Chrm miscast
  9272 | D:10     | Reached skill level 1 in Spellcasting
  9582 | D:10     | XOM: mild Ice miscast
  9793 | D:10     | XOM: give mutations
  9793 | D:10     | Lost mutation: You expend magic power (3 MP) to strengthen
                  | your wands. [Xom's mischief]
  9793 | D:10     | Lost mutation: You have a pair of antennae on your head.
                  | [Xom's mischief]
  9793 | D:10     | Gained mutation: Your body sometimes deteriorates upon
                  | taking damage. [Xom's mischief]
  9793 | D:10     | Lost mutation: You passively map a small area around you.
                  | [Xom's mischief]
  9809 | D:10     | XOM: noise
  9895 | D:10     | Found a staircase to the Orcish Mines.
 10059 | D:11     | Found a frozen archway.
 10067 | IceCv    | Entered an ice cave
 10067 | IceCv    | XOM: fog
 10081 | IceCv    | Reached skill level 5 in Maces & Flails
 10131 | IceCv    | Reached XP level 11. HP: 38/67 MP: 12/14
 10144 | IceCv    | XOM: give mutation
 10144 | IceCv    | Gained mutation: You are resistant to electric shocks.
                  | (rElec) [Xom's grace]
 10192 | IceCv    | XOM: give mutations
 10192 | IceCv    | Gained mutation: One of your tentacles bears a spike.
                  | [Xom's grace]
 10192 | IceCv    | Gained mutation: Your mind is acute. (Int +2) [Xom's grace]
 10192 | IceCv    | Gained mutation: One of your tentacles bears a nasty spike.
                  | [Xom's grace]
 10192 | IceCv    | Gained mutation: You are partially covered in iridescent
                  | scales. (AC +2) [Xom's grace]
 10393 | D:11     | Noticed a white ugly thing
 10467 | D:11     | Noticed a manticore
 10486 | D:11     | Killed a manticore
 10540 | D:11     | XOM: 2-stop teleportation journey
 10825 | D:11     | XOM: cleaving
 10833 | D:11     | XOM: enchant monster (good)
 10870 | D:11     | XOM: polymorph big kobold -> sky beast
 10915 | D:11     | Noticed a cyclops
 11060 | D:11     | XOM: confuse monster(s)
 11122 | D:10     | Slain by a large slime creature

Levels and vault maps discovered:
D:1:      mrwooster_arrival_statue_2, layout_basic
D:2:      layout_loops_ring, hangedman_decor_clover_reticule,
          minmay_misc_feat_roman, lexackson_kobold_supper
D:3:      layout_basic, xom_butterflies
D:4:      layout_basic, led_sif_book, temple_pool_b, first_ration, serial_shops,
          shop, uniq_grinder
D:5:      layout_cave_pods, serial_park, uniq_crazy_yiuf_cottage
D:6:      layout_basic, kennysheep_mini_moat, gammafunk_temple_overflow_wave
D:7:      layout_rooms, the_bakery, moated_statue, fedhas_altar_decomposition
D:8:      layout_layer_cave, old_standard_altar, overflow_temple_1_default,
          erik_lair_island, serial_shops, shop
D:9:      layout_cave_pods
D:10:     layout_basic, hiddenorc1_lemuel
D:11:     minmay_the_grid_triangle_9x9_rhombus_full_mashed
          [minmay_the_grid_triangle_9x9_limited_checkers,
          minmay_the_grid_triangle_9x9_minimal,
          minmay_the_grid_triangle_9x9_negative_grid,
          minmay_the_grid_triangle_9x9_corruption,
          minmay_the_grid_triangle_9x9_impossible_snake,
          minmay_the_grid_triangle_9x9_warning,
          minmay_the_grid_triangle_9x9_shrine,
          minmay_the_grid_triangle_9x9_prize_insulated], layout_loops_ring,
          portal_ice_cave_entry_pillars_1, water_boxes_lemuel
Temple:   regret_index_temple_waves

Skill      XL: |  1  2  3  4  5  6  7  8  9 10 11 |
---------------+----------------------------------+-----
Stealth        | 2 3 4 7 |  7.0
Dodging        | 3 5 7 |  7.3
Maces & Flails | 2 3 4 5 6 |  6.1
Conjurations   | 2 4 7 9 10 | 10.3
Fire Magic     | 2 4 5 6 8 |  8.0
Spellcasting   | 2 |  2.0
Fighting       | |  3.0
Polearms       | |  3.0

Action                   |  1- 3 |  4- 6 |  7- 9 | 10-12 || total
-------------------------+-------+-------+-------+-------++-------
Melee: Spear             |    51 |       |       |       ||    51
       Constrict         |    15 |    23 |    42 |    24 ||   104
       Tentacles         |    10 |    19 |    50 |    29 ||   108
       Whip              |    23 |   118 |   197 |   182 ||   520
       Glaive            |       |       |       |    14 ||    14
       Kick              |       |       |       |    18 ||    18
Throw: Stone             |     6 |     5 |    11 |       ||    22
       Javelin           |       |       |     6 |       ||     6
       Dart              |       |       |     1 |    22 ||    23
 Cast: Flame Tongue      |       |     1 |   101 |   135 ||   237
Evoke: Wand              |       |       |     3 |    10 ||    13
       Phial of floods   |       |       |       |     1 ||     1
  Use: Scroll            |     3 |     8 |     6 |     6 ||    23
       Potion            |     1 |     1 |     2 |     7 ||    11
 Stab: Sleeping          |     7 |     4 |     3 |     2 ||    16
       Distracted        |     2 |     1 |       |       ||     3
       Petrified         |     5 |       |       |       ||     5
       Confused          |       |       |     1 |       ||     1
  Eat: Chunk             |     2 |     6 |    10 |    14 ||    32
       Ration            |       |       |     2 |     2 ||     4
Armor: Skin              |    29 |     4 |    15 |    84 ||   132
Dodge: Dodged            |    40 |    48 |    96 |   143 ||   327
